 Dungeon Crawl Stone Soup version 0.20-a0-274-g7b51309 (webtiles) character file.

546 PurpleRed the Martial Artist (level 7, -9/48 HPs)
             Began as a Vampire Transmuter on Dec 11, 2016.
             Killed from afar by an orc (21 damage)
             ... with a wand of lightning (?/15)
             ... on level 4 of the Dungeon.
             The game lasted 00:10:03 (3788 turns).

PurpleRed the Martial Artist (Vampire Transmuter)   Turns: 3788, Time: 00:10:03

Health: -9/48      AC:  4    Str: 11    XL:     7   Next: 6%
Magic:  10/10      EV: 12    Int: 15    God:
Gold:   130        SH:  0    Dex: 15    Spells: 9/10 levels left

rFire  . . .     SeeInvis +       - Unarmed
rCold  . . .     Gourm    .     r - +0 leather armour
rNeg   + . .     Faith    .     (no shield)
rPois  .         Spirit   .     (no helmet)
rElec  .         Reflect  .     (no cloak)
rCorr  .         Harm     +     p - +0 pair of gloves
MR     .....                    (no boots)
Stlth  +.........               h - amulet of harm
                                (no ring)
                                (no ring)

@: no status effects
A: fangs 3, see invisible, unbreathing
a: Bat Form


You were on level 4 of the Dungeon.
You were not thirsty.

You visited 1 branch of the dungeon, and saw 4 of its levels.

You collected 130 gold pieces.

Inventory:

Missiles
 a - 58 arrows
 e - 2 exploding tomahawks
 l - a throwing net (quivered)
Armour
 b - a +0 robe
 g - a +0 chain mail
 p - a +0 pair of gloves (worn)
 r - a +0 leather armour (worn)
Jewellery
 h - an amulet of harm (around neck)
Wands
 k - a wand of paralysis (11/24)
 s - a wand of random effects (31/48)
Scrolls
 i - a scroll of enchant weapon
 j - 2 scrolls of teleportation
 t - a scroll of fog {unknown}
Potions
 d - 9 potions of blood
 f - 3 potions of curing
 m - a potion of lignification
 n - 2 potions of invisibility {unknown}
 o - a potion of magic {unknown}
 q - a potion of resistance {unknown}
Books
 c - a book of Changes

   Spells                             Type                      Level
   a - Beastly Appendage              Transmutation                1
   b - Sticks to Snakes               Transmutation                2
   c - Spider Form                    Transmutation/Poison         3
   d - Ice Form                       Ice/Transmutation            4
   e - Blade Hands                    Transmutation                5


   Skills:
 + Level 1.5 Fighting
 - Level 2.1 Dodging
 * Level 8.7 Unarmed Combat
 - Level 2.0 Spellcasting
 - Level 2.1 Transmutations


You had 9 spell levels left.
You knew the following spells:

 Your Spells              Type           Power        Failure   Level  Hunger
a - Beastly Appendage     Tmut           #.....       14%         1    #......


Dungeon Overview and Level Annotations

Branches:
Dungeon (4/15)
 Temple: D:4-7

Altars:
Kikubaaqudgha
Xom

Shops:
D:4 *


Innate Abilities, Weirdness & Mutations

You have razor-sharp teeth.
You have supernaturally acute eyesight. (SInv)
You can survive without breathing.


Message History

The ogre is severely wounded.
The ogre closely misses you.
You punch the ogre!
You kill the ogre!
You have reached level 7!
Things that are here:
a giant club; an ogre corpse You bottle the corpse's blood.
d - 12 potions of blood (gained 2)
Things that are here:
a giant club; an ogre skeleton Yummy - fresh blood!
Yummy - fresh blood!
Yummy - fresh blood!
The orc zaps a wand.
The bolt of lightning hits you!
It is a wand of lightning (?/15).
The orc zaps a wand.
The bolt of lightning hits you!
* * * LOW HITPOINT WARNING * * *
The bolt of lightning hits you!
You die...

.##................
.................. #
####................ .
#.....o............. # #
#.##.........∩...... ####.#
#.##................
##....####.##................
#..........##................
#...........@......>.........
#..........##................
#..........##................
#..........##................
#..........##################
##'#####'#.# #.# #.#.# #.#
#.#.# #.# #.#.#


You could see an orc.

Vanquished Creatures
  The ghost of hoot the Caller, an amateur KoSu of Sif Muna (D:3)
  An orc warrior (D:4)
  An ogre (D:4)
  A hound (D:4)
  Jessica (D:2)
  Natasha (thrice) (D:2)
  4 adders (D:2)
  An ooze (D:4)
  5 worms
  A dart slug (D:1)
  A leopard gecko (D:1)
  An orc (D:3)
  12 bats
  5 giant cockroaches
  11 goblins
  6 hobgoblins
  4 jackals
  3 quokkas (D:2)
  4 ball pythons
  3 frilled lizards
  11 kobolds
  7 rats
87 creatures vanquished.

Vanquished Creatures (others)
  A human (D:3)
1 creature vanquished.

Grand Total: 88 creatures vanquished

Notes
Turn   | Place    | Note
-------+----------+-------------------------------------------
     0 | D:1      | PurpleRed the Vampire Transmuter began the quest for the Orb.
     0 | D:1      | Reached XP level 1. HP: 14/14 MP: 3/3
   239 | D:1      | Reached XP level 2. HP: 17/20 MP: 3/5
   274 | D:1      | Reached skill level 4 in Unarmed Combat
   651 | D:1      | Reached XP level 3. HP: 25/25 MP: 4/6
   709 | D:2      | Noticed Natasha
   716 | D:2      | Killed Natasha
   716 | D:2      | Reached skill level 5 in Unarmed Combat
   798 | D:2      | Noticed Natasha
   804 | D:2      | Killed Natasha
   804 | D:2      | Reached XP level 4. HP: 21/31 MP: 5/7
   978 | D:2      | Noticed Natasha
  1149 | D:2      | Killed Natasha
  1149 | D:2      | Reached skill level 6 in Unarmed Combat
  1265 | D:2      | Reached XP level 5. HP: 31/36 MP: 6/8
  1393 | D:2      | Found a shimmering altar of Xom.
  1394 | D:2      | Noticed Jessica
  1406 | D:2      | Killed Jessica
  1585 | D:2      | Reached skill level 7 in Unarmed Combat
  1975 | D:3      | Noticed hoot's ghost (amateur KoSu)
  2601 | D:3      | Killed hoot's ghost
  2601 | D:3      | Reached XP level 6. HP: 35/42 MP: 9/9
  2837 | D:3      | Found an ancient bone altar of Kikubaaqudgha.
  2838 | D:3      | Noticed a human
  2840 | D:3      | Killed a human
  3369 | D:4      | Noticed an orc warrior
  3454 | D:4      | Killed an orc warrior
  3454 | D:4      | Reached skill level 8 in Unarmed Combat
  3717 | D:4      | Found Qual's Assorted Antiques.
  3755 | D:4      | Reached skill level 1 in Fighting
  3761 | D:4      | Reached XP level 7. HP: 31/48 MP: 10/10
  3788 | D:4      | Killed from afar by an orc

Vault maps used:
D:1:      minmay_arrival_semitransparent, roderic_digamma_sauvastika
D:2:      minmay_diamond_boxcup, xom_teletrap_fun, first_bread,
          minmay_tetromino_i4, uniq_natasha, uniq_jessica
D:3:      tgw_kikubaaqudgha
D:4:      serial_shops, shop, kennysheep_generic_room_3

Skill      XL: |  1  2  3  4  5  6 |
---------------+-------------------+-----
Unarmed Combat | 4 5 6 7 8 |  8.7
Fighting       | 1 |  1.5
Dodging        | |  2.1
Spellcasting   | |  2.0
Transmutations | |  2.1

Action                   |  1- 3 |  4- 6 |  7- 9 || total
-------------------------+-------+-------+-------++-------
Melee: Unarmed           |    64 |   197 |       ||   261
       Bite              |     5 |    10 |       ||    15
       Kick              |     7 |    19 |       ||    26
       Headbutt          |     2 |    12 |       ||    14
       Punch             |       |     8 |       ||     8
Throw: Throwing net      |       |     1 |       ||     1
 Cast: Beastly Appendage |    14 |    37 |       ||    51
  Use: Potion            |     2 |     8 |     3 ||    13
       Scroll            |       |     6 |       ||     6
 Stab: Sleeping          |       |     2 |       ||     2
Armor: Robe              |     6 |    50 |       ||    56
       Leather armour    |       |     4 |       ||     4
Dodge: Dodged            |    34 |   146 |       ||   180
